 Dungeon Crawl Stone Soup version 0.31-a0-188-g5e087ee2ca (webtiles) character file.

Game seed: 7907894345069484647

36 qw the Shooter (level 3, -11/20 HPs)
             Began as a Deep Elf Hunter on June 22, 2023.
             Killed by nerve-wracking pain
             ... invoked by Jessica
              (12 damage)
             ... on level 2 of the Dungeon.
             The game lasted 00:00:23 (1030 turns).

qw the Shooter (Deep Elf Hunter)                    Turns: 1030, Time: 00:00:23

Health: -11/20     AC:  3    Str: 10    XL:     3   Next: 19%
Magic:  5/5        EV: 12    Int: 13    God:
Gold:   139        SH:  0    Dex: 18    Spells: 2/2 levels left

rFire   . . .        Y - +0 shortbow
rCold   . . .        (shield currently unavailable)
rNeg    . . .        c - +0 leather armour
rPois   .            (no helmet)
rElec   .            (no cloak)
rCorr   .            (no gloves)
SInv    .            (no boots)
Will    .....        (no amulet)
Stlth   ++           (no ring)
HPRegen 0.23/turn    (no ring)
MPRegen 0.09/turn

%: no passive effects
@: no status effects
A: no striking features
a: no special abilities


You were on level 2 of the Dungeon.
You visited 1 branch of the dungeon, and saw 2 of its levels.

You collected 139 gold pieces.


   Skills:
 - Level 1.5 Fighting
 + Level 6.8 Ranged Weapons
 - Level 2.4 Dodging
 - Level 1.2 Stealth


You had 2 spell levels left.
You didn't know any spells.
Your spell library was empty.

Inventory:

Hand Weapons
 Y - a +0 shortbow (weapon)
Armour
 c - a +0 leather armour (worn)
 e - a +0 scale mail
Scrolls
 a - a scroll of blinking {unknown}
 b - a scroll of identify
 d - a scroll of poison {unknown}
Potions
 f - a potion of attraction {unknown}

Dungeon Overview and Level Annotations

Branches:
Dungeon (2/15)

Altars:

Shops:
D:1 !

Annotations:
D:2 Jessica


Message History

You open the door.
A quokka, Jessica and a hobgoblin come into view.
Jessica is wielding a +0 club and carrying a wand of flame (25).
Jessica shouts!
The hobgoblin shouts!
Found 17 gold pieces, a purple potion and a fuming grey potion.
Enter note:
Enter note:
Enter note:
Enter note: You shoot an arrow.
The arrow hits the hobgoblin!
You kill the hobgoblin!
You shoot an arrow. The arrow hits the quokka.
The quokka is lightly wounded.
You shoot an arrow.
The arrow hits the quokka but does no damage.
The quokka is lightly wounded.
The quokka bites you.
You shoot an arrow. The arrow closely misses the quokka.
The arrow barely misses Jessica.
The quokka bites you.
Jessica gestures wildly while chanting.
Jessica seems to speed up.
You shoot an arrow. The arrow hits the quokka!
You kill the quokka!
Jessica zaps a wand.
The puff of flame hits you!
You shoot an arrow. The arrow closely misses Jessica.
Jessica hits you with a +0 club.
You shoot an arrow.
The arrow hits Jessica but does no damage.
Jessica mumbles some strange words.
Jessica blinks!
You shoot an arrow. The arrow closely misses Jessica.
You shoot an arrow. The arrow hits Jessica!
Jessica is almost dead.
Jessica drinks a potion.
Jessica is healed!
Jessica hits you with a +0 club.
You shoot an arrow. The arrow closely misses Jessica.
Jessica gestures at you while chanting. Pain shoots through your body!
Ouch! That really hurt!
You die...

.%...# .....# .....#
############ .....#
#..........# .....#
#..........# .....#
#..........#
#...###########..........#
'.......................>+
#.....#######..@@........#
###...# ##..##%##......# #
#...# #..##...##.....#
####### #..#...$!#.....#
..# #..#.....#.....# ..#
##..#....!#..#.## ..#
###...##...##....# ..#
#......#####..#.## ..#
#.####..........#


You could see Jessica (fast).

Vanquished Creatures
  A worm (D:2)
  2 bats (D:1)
  5 endoplasms
  3 goblins
  3 hobgoblins (D:2)
  4 quokkas
  A ball python (D:1)
  2 frilled lizards (D:1)
  4 kobolds
  6 rats
31 creatures vanquished.

Notes
Turn   | Place    | Note
-------+----------+-------------------------------------------
     0 | D:1      | qw the Deep Elf Hunter began the quest for the Orb.
     0 | D:1      | Reached XP level 1. HP: 12/12 MP: 3/3
     0 | D:1      | 0 ||| qw: Version: 0.3-a-9-g12657ce
     0 | D:1      | 0 ||| qw: Game counter: 2850
     0 | D:1      | 0 ||| qw: Always use a shield: true
     0 | D:1      | 0 ||| qw: God list: Okawaru
     0 | D:1      | 0 ||| qw: Allow faded altars: false
     0 | D:1      | 0 ||| qw: Do Orc after D:15 true
     0 | D:1      | 0 ||| qw: Do second Lair branch before Depths: true
     0 | D:1      | 0 ||| qw: Lair rune preference: random
     0 | D:1      | 0 ||| qw: Plans: Normal
     0 | D:1      | 0 ||| PLANNING D:1-11
     5 | D:1      | Found Xesen's Distillery.
    14 | D:1      | 14 ||| SHOPLISTING 2 potions of curing (66 gold, have 0).
    14 | D:1      | 14 ||| SHOPLISTING potion of curing (33 gold, have 0).
    14 | D:1      | 14 ||| SHOPLISTING potion of heal wounds (55 gold, have 0).
    14 | D:1      | 14 ||| SHOPLISTING potion of mutation (88 gold, have 0).
   142 | D:1      | Reached XP level 2. HP: 16/16 MP: 4/4
   154 | D:1      | Reached skill level 6 in Ranged Weapons
   212 | D:1      | 212 ||| FLEEEEING.
   580 | D:1      | 580 ||| READING scroll labelled SIPNIANOOM.
   581 | D:1      | 581 ||| READING scroll labelled KAOSIT KO LAOX.
   582 | D:1      | 582 ||| READING scroll labelled WEZXIN ZEZO.
   610 | D:1      | 610 ||| READING 2 scrolls labelled QUNONE JUOPNO.
   611 | D:1      | 611 ||| READING scroll labelled LAIRATANWO.
   616 | D:1      | 616 ||| DROPPING scroll of butterflies.
   617 | D:1      | 617 ||| DROPPING scroll of vulnerability.
   864 | D:2      | Reached XP level 3. HP: 20/20 MP: 5/5
  1020 | D:2      | Noticed Jessica
  1026 | D:2      | HP: 3/20 [Jessica/+0 club (4)]
  1029 | D:2      | HP: 1/20 [Jessica/+0 club (3)]
  1030 | D:2      | Killed from afar by Jessica

Levels and vault maps discovered:
D:1:      grunt_arrival_crossed_arrows, layout_basic, serial_shops, shop,
          amcnicky_mini_rare_corridor_liquid
D:2:      layout_basic, kennysheep_jessica_study, uniq_jessica

Skill      XL: |  1  2 |
---------------+-------+-----
Ranged Weapons | 6 |  6.8
Fighting       | |  1.5
Dodging        | |  2.4
Stealth        | |  1.2

Action                     || total
---------------------------++-------
   Fire: Shortbow          ||    92
    Use: Scroll            ||     5
 Armour: Leather armour    ||     8
  Dodge: Dodged            ||    14

Table legend:
 A = Non-vault XP
 B = Vault XP
 C = Vault XP percentage of total XP
 D = Non-vault monster count
 E = Vault monster count
 F = Vault count percentage of total count
                 A         B        C        D         E       F
            +---------+---------+-------+---------+---------+-------
      Total |      50 |       2 |   3.8 |      30 |       1 |   3.2
            +---------+---------+-------+---------+---------+-------
        D:1 |      32 |       0 |   0.0 |      20 |       0 |   0.0
        D:2 |      18 |       2 |  10.0 |      10 |       1 |   9.1
            +---------+---------+-------+---------+---------+-------
